 Dungeon Crawl Stone Soup version 0.31-a0-360-gb3e1d13bf4 (webtiles) character file.

Game seed: 8144355839373491211

1162 freelancePsychic the Trooper (level 8, -2/87 HPs)
             Began as an Ogre Wanderer on July 26, 2023.
             Slain by an unseen horror (5 damage)
             ... on level 5 of the Dungeon.
             The game lasted 00:09:54 (6612 turns).

freelancePsychic the Trooper (Ogre Wanderer)        Turns: 6612, Time: 00:09:55

Health: -2/87      AC:  3    Str: 14 (16) XL:     8   Next: 39%
Magic:  19/19      EV: 15    Int: 14 (17) God:
Gold:   57         SH:  0    Dex:  5 (7)  Spells: 9/10 levels left

rFire   . . .        v - +1 whip (drain)
rCold   . . .        r - orb {*channel}
rNeg    . . .        e - +0 robe
rPois   .            (helmet restricted)
rElec   .            b - scarf {repulsion}
rCorr   .            (gloves unavailable)
SInv    .            (boots unavailable)
Will    .....        (no amulet)
Stlth   +            f - ring of magical power
HPRegen 0.34/turn    m - +5 ring of evasion
MPRegen 0.16/turn

%: repel missiles, channel magic (20%)
@: hasted, very quick
A: large, unfitting armour, tough skin 1
a: no special abilities


You were on level 5 of the Dungeon.
You visited 1 branch of the dungeon, and saw 6 of its levels.

You collected 240 gold pieces.
You spent 183 gold pieces at shops.

Inventory:

Hand Weapons
 a - a +0 club
 g - a +0 double sword
 q - a +0 quarterstaff
 u - a +0 mace
 v - a +1 whip of draining (weapon)
Missiles
 l - 2 throwing nets
Armour
 b - a scarf of repulsion (worn)
 e - a +0 robe (worn)
 r - an orb of energy (worn)
Jewellery
 f - a ring of magical power (left hand)
 m - a +5 ring of evasion (right hand)
Wands
 p - a wand of flame (9)
 s - a wand of acid (3)
Scrolls
 c - 3 scrolls of vulnerability
 h - a scroll of immolation
 i - a scroll of fog
 n - 2 scrolls of enchant armour
Potions
 d - 2 potions of brilliance
 j - 3 potions of enlightenment
 k - 2 potions of haste {@q3}
 o - a potion of ambrosia {unknown}
 t - a potion of heal wounds {unknown}
 w - a potion of might {unknown}
 x - a potion of curing {@q1}
 z - a potion of degeneration
 A - a potion of attraction {unknown}
 B - a potion of berserk rage {unknown}


   Skills:
 + Level 7.5 Fighting
 - Level 4.7 Dodging
 - Level 1.5 Spellcasting
 - Level 4.4 Conjurations
 + Level 2.1 Necromancy
 - Level 4.9 Air Magic
 - Level 1.0 Evocations


You had 9 spell levels left.
You knew the following spells:

 Your Spells              Type           Power      Damage    Failure   Level
a - Shock                 Conj/Air       56%        1d6       12%         1

Your spell library contained the following spells:

 Spells                   Type           Power      Damage    Failure   Level
 Swiftness                Air            14%        N/A       24%         3
 Cigotuvi's Dreadful Rot  Necr/Pois/Air  14%        N/A       32%         2
 Dispel Undead            Necr           7%         3d8       87%         4
 Death Channel            Necr           3%         N/A       100%        6


Dungeon Overview and Level Annotations

Branches:
Dungeon (6/15)
 Temple: D:4-7

Altars:
Cheibriados
Hepliaklqana
Kikubaaqudgha
Qazlal
Xom

Shops:
D:4 (*


Innate Abilities, Weirdness & Mutations

You are too large for most types of armour.
You have tough skin. (AC +1)


Message History

Your Necromancy skill increases to level 2!
You can't see any susceptible monsters within range! (Use Z to cast anyway.)
Your magical contamination has completely faded away.
You see here a +0 spear.
Something hits you!
Deactivating autopickup; reactivate with Ctrl-A.
Something barely misses you. Something hits you. Something hits you!
Something hits you but does no damage. Something hits you. Something hits you.
Something hits you but does no damage.
You miss something. Something hits you.
You swing at nothing.
Something hits you.
You swing at nothing.
You hit something. Something hits you!
You swing at nothing.
Something hits you.
You swing at nothing.
You hit something but do no damage. Something hits you.
You swing at nothing.
Something barely misses you.
You swing at nothing.
Something hits you. Something hits you!
* * * LOW HITPOINT WARNING * * *
You hit something. Something closely misses you.
Something hits you but does no damage.
You hit something. Something hits you but does no damage.
You swing at nothing.
Something hits you.
* * * LOW HITPOINT WARNING * * *
You swing at nothing.
Something hits you.
* * * LOW HITPOINT WARNING * * *
Something hits you but does no damage.
It was a potion of haste.
You feel yourself speed up. Something hits you.
* * * LOW HITPOINT WARNING * * *
Something hits you.
* * * LOW HITPOINT WARNING * * *
It was a potion of degeneration.
There was something very wrong with that liquid.
You feel weakened.
You feel dopey.
You feel clumsy. Something hits you.
You die...

⌠⌠⌠.[.#########..#.....#.#.#
.⌠..#............#####.#.#.#
...)#.##########.#######.###
#.###.# #.............#
......# #.###.#########
###..## #.# #.# ....## #.#
#.# .###########.# #.#
.###.........# #@#
...#.........# #{##########
.#.#.........# #..........#
.#...........# #..........#
.##.##.#########..........#
.##.#.....# #...........#
.##.#..##.#####...........#
.##....>..............[...#
.#####....................#


There were no monsters in sight!

Vanquished Creatures
  Eustachio (D:4)
  An ice beast (D:5)
  A black bear (D:5)
  An ogre (D:5)
  A kobold brigand (D:5)
  Blork the orc (D:4)
  A bullfrog (D:3)
  A scorpion (D:5)
  A howler monkey (D:5)
  A hound (D:5)
  A sleepcap (D:5)
  4 iguanas
  Ijyb (D:3)
  3 orc wizards
  Robin (D:4)
  6 adders
  A white imp (D:6)
  An ufetubus (D:4)
  A worm (D:2)
  2 dart slugs
  11 orcs
  7 ball pythons
  7 endoplasms
  5 giant cockroaches
  4 hobgoblins
  8 jackals
  4 kobolds
  5 quokkas
  5 bats
  A frilled lizard (D:2)
  19 goblins
  23 rats
130 creatures vanquished.

Vanquished Creatures (others)
  A quokka (D:3)
1 creature vanquished.

Grand Total: 131 creatures vanquished

Notes
Turn   | Place    | Note
-------+----------+-------------------------------------------
     0 | D:1      | freelancePsychic the Ogre Wanderer began the quest for the
                  | Orb.
     0 | D:1      | freelancePsychic set off with the following items: a +0
                  | club, 2 throwing nets, a scroll of vulnerability, a potion
                  | of brilliance, a +0 robe; and the following spell
                  | memorised: Shock; and the following spells available to
                  | memorise: Swiftness.
     0 | D:1      | Reached XP level 1. HP: 16/16 MP: 2/2
   371 | D:1      | Reached XP level 2. HP: 26/26 MP: 4/4
   429 | D:1      | Reached skill level 1 in Fighting
   867 | D:1      | Reached skill level 1 in Conjurations
   952 | D:1      | Reached XP level 3. HP: 29/35 MP: 5/5
  1273 | D:2      | Reached skill level 2 in Fighting
  1351 | D:2      | Identified the +5 robe of Daffodils {rF- Will+ Stlth+}
  1541 | D:2      | Reached XP level 4. HP: 44/44 MP: 6/6
  2283 | D:3      | Noticed Ijyb
  2311 | D:3      | Killed Ijyb
  2312 | D:3      | Reached skill level 3 in Fighting
  2427 | D:3      | Reached XP level 5. HP: 53/53 MP: 7/7
  2439 | D:3      | Found a hazy altar of Hepliaklqana.
  3157 | D:3      | Reached skill level 4 in Fighting
  3157 | D:3      | Reached XP level 6. HP: 12/62 MP: 5/8
  3641 | D:4      | Noticed Robin
  3719 | D:4      | Killed Robin
  3905 | D:4      | Identified the +0 war axe of the Common Good {flame, rPois
                  | rF- rC+++ MP-9}
  4107 | D:4      | Found Boyngukh's Antique Weapon Shop.
  4112 | D:4      | Bought a runed whip for 159 gold pieces
  4179 | D:4      | Found an ancient bone altar of Kikubaaqudgha.
  4183 | D:4      | Noticed Blork the orc
  4194 | D:4      | Killed Blork the orc
  4403 | D:4      | Noticed Eustachio
  4436 | D:4      | Killed Eustachio
  4437 | D:4      | Reached skill level 5 in Fighting
  4437 | D:4      | Reached XP level 7. HP: 55/72 MP: 3/9
  4534 | D:4      | Found Qunnupabur's Assorted Antiques.
  4542 | D:4      | Bought a scroll labelled ARPHAKH WOPPUIKU for 24 gold
                  | pieces
  4593 | D:4      | Found a snail-covered altar of Cheibriados.
  4794 | D:5      | Entered Level 5 of the Dungeon
  4828 | D:5      | Found a stormy altar of Qazlal.
  4829 | D:5      | Found a shimmering altar of Xom.
  5048 | D:5      | Reached skill level 6 in Fighting
  5281 | D:5      | Reached XP level 8. HP: 47/84 MP: 10/10
  6071 | D:5      | Reached skill level 1 in Necromancy
  6185 | D:5      | Reached skill level 7 in Fighting
  6611 | D:5      | HP: 3/87 [something (5)]
  6612 | D:5      | Slain by an unseen horror

Illustrated notes

Levels and vault maps discovered:
D:1:      dpeg_arrival_castle, layout_basic, minmay_pentomino_s4
D:2:      layout_basic
D:3:      layout_basic, nzn_hepliaklqana_mist_gate, minmay_rat_hole, uniq_ijyb
D:4:      layout_rooms, lemuel_doored_altar, kennysheep_slug_shrine,
          serial_shops, shop, nicolae_shop_hallway_plus, uniq_robin,
          uniq_blork_the_orc, uniq_eustachio
D:5:      layout_basic, mainiacjoe_overflow_divided_tiny,
          minmay_chambers_of_fives
D:6:      layout_basic, minmay_temple_entry_proselytizer

Skill      XL: |  1  2  3  4  5  6  7  8 |
---------------+-------------------------+-----
Air Magic      | 2 3 4 |  4.9
Fighting       | 1 2 3 4 5 6 7 |  7.5
Conjurations   | 1 2 3 4 |  4.4
Necromancy     | 2 |  2.1
Dodging        | |  4.7
Spellcasting   | |  1.5
Evocations     | |  1.0

Action                     |  1- 3 |  4- 6 |  7- 9 || total
---------------------------+-------+-------+-------++-------
  Melee: Club              |    27 |    15 |       ||    42
         Whip              |       |     4 |    31 ||    35
         Mace              |       |     3 |       ||     3
         Double sword      |       |       |    19 ||    19
  Throw: Throwing net      |     2 |       |       ||     2
   Cast: Shock             |    87 |   199 |    62 ||   348
  Evoke: Wand              |       |     8 |     2 ||    10
    Use: Scroll            |     3 |     2 |     3 ||     8
         Potion            |       |     1 |     3 ||     4
 Armour: Robe              |    27 |    33 |    16 ||    76
  Dodge: Dodged            |    43 |    98 |    76 ||   217
         Repelled          |     1 |     1 |       ||     2

Table legend: (Time is in decaauts)
 A = Elapsed time spent in this place.
 B = Non-inter-level travel time spent in this place.
 C = Inter-level travel time spent in this place.
 D = Time resting spent in this place.
 E = Time spent auto-exploring this place.
 F = Levels seen in this place.
 G = Mean time per level.
                   A        B        C        D        E       F      G
               +--------+--------+--------+--------+--------+-----+--------+
         Total |   6641 |   6400 |    241 |    268 |   5169 |   6 | 1106.8 |
       Dungeon |   6641 |   6400 |    241 |    268 |   5169 |   6 | 1106.8 |
               +--------+--------+--------+--------+--------+-----+--------+

Top non-repeatable levels by time:
     D:4: 1806 daAuts
     D:3: 1417 daAuts
     D:5: 1303 daAuts
     D:1: 1236 daAuts
     D:2: 865 daAuts
     D:6: 12 daAuts
